[Event "Live Chess"]
[Site "Chess.com"]
[Date "2024.06.02"]
[Round "-"]
[White "RichardABates"]
[Black "TheSmoulderingMaster"]
[Result "1-0"]
[WhiteElo "2330"]
[BlackElo "1761"]
[TimeControl "300"]
[EndTime "17:28:52 PDT"]
[Termination "RichardABates won by resignation"]

1. d4 Nf6 2. Nf3 g6 3. g3 Bg7 4.
Bg2 O-O 5. c4 d6 6. Rg1 Nbd7 7.
Nc3 e5 8. dxe5 Nxe5 9. Nxe5 dxe5 10. Qxd8 Rxd8 11. Bg5 Re8 12. Bxf6 Bxf6 13. Kd2 c6 14.
Rad1 Bf5 15. Be4 Bxe4 16. Nxe4 Be7 17. Kc2 f5 18. Nd6 Bxd6 19. Rxd6 Rad8 20. Rgd1 Rxd6 21.
Rxd6 Re7 22. c5 Kf7 23. Kc3 a5 24. Kb3 Rc7 25. Ka4 Ke7 26. Kxa5 b6+ 27. Kxb6 Rc8 28.
Kb7 Rf8 29. Kxc6 Rc8+ 30. Kb5 Rb8+ 31. Rb6 Rc8 32. c6 Kd6 33. a4 Kc7 34. Rb7+ Kd6 35. Rd7+ Ke6 36. Rd2 Rb8+ 37. Kc5 Rc8 38. b4 Rb8 39. b5 1-0

[Event "Live Chess"]
[Site "Chess.com"]
[Date "2024.06.02"]
[Round "-"]
[White "WelshTiger"]
[Black "Silverback7829"]
[Result "1-0"]
[WhiteElo "2466"]
[BlackElo "901"]
[TimeControl "300"]
[EndTime "17:29:12 PDT"]
[Termination "WelshTiger won by checkmate"]

1. e4 e5 2. Nf3 Nc6 3. Bc4 Nf6 4. d4 d5 5. exd5 Bb4+ 6. c3 Bd6 7. dxc6 bxc6 8. dxe5 Bxe5 9. Qxd8+ Kxd8 10. Nxe5 Ne4 11.
Nxf7+ Ke7 12. Nxh8 Be6 13. Bxe6 Kxe6 14. O-O Rxh8 15.
Re1 Ke5 16. Nd2 Rf8 17. Nxe4 Kd5 18. Bg5 Ke6 19. Rad1 Kf7 20. Rd7+ Kg8 21. Rd8 Rxd8 22. Bxd8 a5 23. Bxc7 h6 24. Bxa5 Kh7 25. Bc7 Kg8 26.
a4 Kf8 27. a5 Ke7 28. a6 Kd7 29. Bb6 Kc8 30. Rd1 Kb8 31. Rd8# 1-0

[Event "Live Chess"]
[Site "Chess.com"]
[Date "2024.06.02"]
[Round "-"]
[White "educatedlad"]
[Black "Tushinskiy"]
[Result "0-1"]
[WhiteElo "1745"]
[BlackElo "2234"]
[TimeControl "300"]
[EndTime "17:29:21 PDT"]
[Termination "Tushinskiy won by checkmate"]

1. d4 d5 2. c4 c6 3. Nd2 Nf6 4. Ngf3 e6 5. Qc2 Be7 6. e4 dxe4 7. Nxe4 Nxe4 8. Qxe4 Nd7 9. Bd3 Nf6 10. Qe5 b6 11.
O-O Bb7 12. b3 c5 13. dxc5 Bxf3 14. Bxh7 Rxh7 15. gxf3 Bxc5 16. Bf4 Qd4 17. Qxd4 Bxd4 18. Rad1 O-O-O 19. Rd3 Bc5 20. Rxd8+ Kxd8 21. Rd1+ Kc8 22. Bd6 Bxd6 23. Rxd6 Kc7 24. Rd3 Nd7 25. a4 Rh5 26.
Kg2 Nc5 27. Re3 e5 28. Kg3 f6 29. h4 Ne6 30. Kg4 g6 31. Rd3 Rf5 32. h5 Rxh5 33.
Rd5 Nf4 34. Rb5 f5+ 35. Kg3 Rh3# 0-1

[Event "Live Chess"]
[Site "Chess.com"]
[Date "2024.06.02"]
[Round "-"]
[White "StoreySniper"]
[Black "KeithArkell"]
[Result "1-0"]
[WhiteElo "2536"]
[BlackElo "2423"]
[TimeControl "300"]
[EndTime "17:29:43 PDT"]
[Termination "StoreySniper won by checkmate"]

1. d4 c5 2. d5 e5 3. c4 d6 4. Nc3 Be7 5. e4 Bg5 6. Bxg5 Qxg5 7. Nf3 Qe7 8. Be2 Bg4 9. h3 Bxf3 10. Bxf3 a6 11. O-O Nf6 12. Rb1 Nbd7 13. a3 O-O 14. b4 Rfc8 15. Qd3 g6 16. Na4 b5 17. cxb5 c4 18.
Qc3 axb5 19. Nb2 Rc7 20. Ra1 Rca7 21. a4 bxa4 22. Ra3 Nb6 23. Rfa1 Qd7 24. Qe3 Qb5 25. Qc3 Kg7 26. g4 h6 27. h4 Rc7 28. g5 hxg5 29.
hxg5 Nh7 30. Kg2 Nxg5 31. Rh1 Qd7 32. Qe3 Qe7 33. Qxb6 Nxf3 34. Rxf3 a3 35. Qe3 g5 36. Rfh3 Rg8 37. Qxa3 g4 38. Rh7+ Kf6 39. R1h6+ Rg6 40.
Qg3 Rxh6 41. Rxh6+ Kg7 42. Rh4 Qf6 43. Rxg4+ Kf8 44.
Nd1 Ra7 45. Rg8+ Ke7 46. Qg5 Qxg5+ 47. Rxg5 Rb7 48. Rg3 Rxb4 49. Nc3 Rb2 50. Re3 Rd2 51. Kf1 Kf6 52. Rf3+ Kg6 53. Ke1 Rb2 54. Kd1 f6 55.
Kc1 Rb3 56. Kc2 Rb8 57. Rg3+ Kf7 58. Nd1 Rb4 59. Ne3 c3 60. f3 Ra4 61. Kxc3 Ra3+ 62. Kd2 Ra2+ 63. Nc2 Ra3 64. Ne3 Ra2+ 65. Ke1 Ra3 66.
Nf5 Ra6 67. Kf2 Ra2+ 68. Kg1 Ra6 69. Kg2 Rb6 70. Kh3 Ra6 71. Rg7+ Ke8 72. Rc7 Ra3 73. Kg4 Ra6 74. Rc6 Ra1 75. Nxd6+ Kd7 76. Kf5 Rf1 77. Kxf6 Rxf3+ 78. Kxe5 Rh3 79. Nf5 Rh8 80. Rd6+ Kc7 81. Re6 Ra8 82. Nd4 Ra5 83. Nc6 Ra4 84. Re7+ Kb6 85. Kd6 Rc4 86. e5 Rc1 87. e6 Rh1 88. Re8 Rh6 89. Rb8+ Ka6 90. Rb4 Rxe6+ 91. Kd7 Rd6+ 92.
Kc7 Rxd5 93. Rb6# 1-0

[Event "Live Chess"]
[Site "Chess.com"]
[Date "2024.06.02"]
[Round "-"]
[White "Crowded_House"]
[Black "CarmelJane"]
[Result "0-1"]
[WhiteElo "1724"]
[BlackElo "2078"]
[TimeControl "300"]
[EndTime "17:30:30 PDT"]
[Termination "CarmelJane won by checkmate"]

1. d4 Nf6 2. Bg5 e6 3. e3 h6 4. Bh4 g5 5. Bg3 Ne4 6. Nf3 Bg7 7. c3 b6 8. Bd3 Nxg3 9. hxg3 Bb7 10. Nbd2 d6 11.
O-O Nd7 12. Qc2 c5 13. dxc5 Nxc5 14. Be2 Qc7 15. Nb3 Be4 16. Qd2 Nxb3 17. axb3 O-O 18.
Bd3 Bxf3 19. gxf3 d5 20. Ra6 Rfd8 21. Rfa1 e5 22. Bf5 d4 23. exd4 exd4 24. cxd4 Rxd4 25.
Qe2 Rdd8 26. Be4 Re8 27. Qc4 Qxc4 28. bxc4 Rac8 29. Rxa7 Bxb2 30. Rb1 Bd4 31. Bd3 b5 32. Rd7 bxc4 33. Rxd4 cxd3 34. Rxd3 Re2 35. Kf1 Rcc2 36.
Rd8+ Kg7 37. Rbb8 Rxf2+ 38. Ke1 Rxf3 39. Rg8+ Kf6 40. Rb6+ Ke7 41. Rxh6 Rxg3 42. Rh5 Rg1# 0-1

[Event "Live Chess"]
[Site "Chess.com"]
[Date "2024.06.02"]
[Round "-"]
[White "KeithArkell"]
[Black "educatedlad"]
[Result "1-0"]
[WhiteElo "2423"]
[BlackElo "1745"]
[TimeControl "300"]
[EndTime "17:30:49 PDT"]
[Termination "KeithArkell won by resignation"]

1. d4 Nf6 2. Nf3 d5 3. c4 c6 4. cxd5 cxd5 5. Nc3 Nc6 6. Bg5 Qb6 7. Bxf6 gxf6 8. Nxd5 Qxb2 9. Nc7+ Kd8 10. Nxa8 Qc3+ 11. Nd2 Nxd4 12. Rc1 Qa5 13. e3 Ne6 14. Qc2 1-0

[Event "Live Chess"]
[Site "Chess.com"]
[Date "2024.06.02"]
[Round "-"]
[White "stevochess11"]
[Black "Harry_Li"]
[Result "0-1"]
[WhiteElo "1676"]
[BlackElo "2087"]
[TimeControl "300"]
[EndTime "17:31:10 PDT"]
[Termination "Harry_Li won by resignation"]

1. d4 d5 2. Nf3 Nf6 3. e3 e6 4. Bd3 c5 5. O-O Nc6 6. b3 cxd4 7. exd4 Bd6 8. Bb2 O-O 9. Nbd2 b6 10. a3 a5 11. Ne5 Qc7 12. Qe2 Nd7 13. f4 Bxe5 14.
fxe5 Ne7 15. Bxh7+ Kxh7 16. Qh5+ Kg8 17. Rf3 Nf5 18.
Rc1 g6 19. Qh3 Kg7 20. Nf1 Rh8 21. Qg4 Ba6 22. Ng3 Nxg3 23. Rxg3 Rh6 24. c4 dxc4 25. bxc4 Rah8 26. h3 Bxc4 27. Rgc3 b5 28. a4 Qb6 29. axb5 Bxb5 30. Kh2 Rh4 31. Qe2 Bxe2 0-1

[Event "Live Chess"]
[Site "Chess.com"]
[Date "2024.06.02"]
[Round "-"]
[White "gobbles19"]
[Black "NeilDruggan73"]
[Result "1-0"]
[WhiteElo "2267"]
[BlackElo "1754"]
[TimeControl "300"]
[EndTime "17:31:13 PDT"]
[Termination "gobbles19 won by resignation"]

1. e4 d6 2. d4 Nf6 3. Nc3 g6 4.
Be2 Bg7 5. h3 O-O 6. Nf3 e5 7. O-O Nc6 8. d5 Ne7 9. Bg5 h6 10. Be3 Kh7 11. Nd2 a6 12. a4 b6 13.
f4 exf4 14. Bxf4 Nfg8 15. Nf3 f5 16. e5 dxe5 17. Bxe5 Nf6 18. Qd4 Bb7 19. Bc4 c5 20. dxc6 Qxd4+ 21. Nxd4 Bxc6 22. Ne6 Rfc8 23. Nxg7 Kxg7 24.
Be6 Rf8 25. Rad1 Rad8 26. Rxd8 Rxd8 27. Rd1 Rxd1+ 28. Nxd1 Bd5 29. Bxd5 Nxd5 30. Kf2 Kf7 31. Ne3 Nxe3 32. Kxe3 Ke6 33. Bxf6 Kxf6 34. Kd4 Ke6 35. b4 g5 36. c4 h5 37. c5 bxc5+ 38. bxc5 g4 39. h4 f4 40. Ke4 f3 41. Ke3 Kd5 42.
gxf3 gxf3 43. Kxf3 Kxc5 44. Kf4 Kb4 45. Kg5 Kxa4 46.
Kxh5 Kb3 47. Kg6 a5 48. h5 a4 49. h6 a3 50. h7 a2 51. h8=Q 1-0

[Event "Live Chess"]
[Site "Chess.com"]
[Date "2024.06.02"]
[Round "-"]
[White "Cruiseylee78"]
[Black "MaksymYurii"]
[Result "0-1"]
[WhiteElo "1694"]
[BlackElo "962"]
[TimeControl "300"]
[EndTime "17:31:18 PDT"]
[Termination "MaksymYurii won by resignation"]

1. d4 d5 2. Bf4 Nc6 3. e3 Bf5 4. Bd3 Bxd3 5. Qxd3 Nf6 6. c3 e6 7.
Nd2 Bd6 8. Bg3 O-O 9. Ngf3 Re8 10. Bh4 e5 11. Bxf6 Qxf6 12. dxe5 Nxe5 13. Nxe5 Bxe5 14.
h4 c5 15. Nf3 Rad8 16. g4 Qxf3 17. Rg1 Bh2 18. Qe2 Qxe2+ 19. Kxe2 Bxg1 20. Rxg1 d4 21. c4 d3+ 22. Kd2 a6 23. b3 b5 24. Rc1 b4 25. Rd1 a5 26. a4 bxa3 27. Ra1 Rb8 28. Rxa3 Re4 29. f3 Re6 30. Kxd3 Rb4 31. f4 Reb6 32.
Rxa5 Rxb3+ 33. Ke4 Re6+ 34. Kd5 Rbxe3 35. Ra8+ Re8 36.
Rxe8+ Rxe8 37. g5 Rc8 38. Kd6 Kf8 39. h5 g6 40. hxg6 fxg6 41. Kd7 Ra8 42. Kd6 Ra5 43. Kd5 Ke7 44. f5 gxf5 45. Ke5 Ra4 46. Kxf5 Rxc4 47. g6 hxg6+ 48. Kxg6 Rd4 49. Kf5 Rd6 50. Kf4 c4 0-1

[Event "Live Chess"]
[Site "Chess.com"]
[Date "2024.06.02"]
[Round "-"]
[White "Thebigsqueeze"]
[Black "CheckThis4"]
[Result "0-1"]
[WhiteElo "2288"]
[BlackElo "2698"]
[TimeControl "300"]
[EndTime "17:31:23 PDT"]
[Termination "CheckThis4 won by resignation"]

1. d4 Nf6 2. c4 c5 3. Nf3 cxd4 4. Nxd4 e5 5. Nf3 Nc6 6. Nc3 e4 7. Nd4 Bc5 8. e3 O-O 9. Be2 d5 10. O-O Bxd4 11. exd4 dxc4 12. Be3 Be6 13. Rc1 a6 14. Bg5 Qxd4 15. Bxf6 gxf6 16. Qc2 f5 17. Rcd1 Qe5 18. f4 Qc5+ 19. Kh1 Rad8 20. Rxd8 Rxd8 21. Rd1 Rxd1+ 22. Qxd1 Qd4 0-1

[Event "Live Chess"]
[Site "Chess.com"]
[Date "2024.06.02"]
[Round "-"]
[White "Duke_of_Bebington"]
[Black "Sir_Sigmund"]
[Result "0-1"]
[WhiteElo "1617"]
[BlackElo "1873"]
[TimeControl "300"]
[EndTime "17:31:35 PDT"]
[Termination "Sir_Sigmund won by resignation"]

1. e4 e6 2. d4 d5 3. Nd2 dxe4 4.
Nxe4 Nf6 5. Nxf6+ Qxf6 6. Nf3 h6 7. Bd3 Bd7 8. O-O Bc6 9. Ne5 Bd6 10. Nxc6 Nxc6 11.
Be3 O-O-O 12. a3 Nxd4 13. c3 Nf5 14. Bxf5 Bxh2+ 15. Kxh2 Rxd1 16. Raxd1 Qxf5 17. Bxa7 b6 18. Rd4 Kb7 19. Bxb6 Kxb6 20. Rb4+ Kc6 21. Rc4+ Kb7 22.
Rb4+ Kc8 23. Ra4 Qd5 24. Rd4 Qh5+ 25. Kg1 Rd8 26. Rfd1 Rxd4 27. Rxd4 c5 28. Rd2 Kc7 29. Kf1 Qe5 30. Re2 Qd5 0-1

[Event "Live Chess"]
[Site "Chess.com"]
[Date "2024.06.02"]
[Round "-"]
[White "Dhaydon19"]
[Black "booktrunk"]
[Result "1-0"]
[WhiteElo "2685"]
[BlackElo "1500"]
[TimeControl "300"]
[EndTime "17:31:41 PDT"]
[Termination "Dhaydon19 won by resignation"]

1. d4 b6 2. Nf3 Bb7 3. g3 e6 4. Bg2 h6 5. O-O Nf6 6. c4 Be7 7. Nc3 d6 8. d5 exd5 9. cxd5 O-O 10. Nd4 Nbd7 11. Nf5 Ne5 12. e4 Bc8 13. Nd4 Kh7 14. f4 Bg4 15. Qc2 g6 16. fxe5 dxe5 17. Nc6 Qd6 18.
Nxe7 Qxe7 19. Qd2 Rad8 20. Qxh6+ Kg8 21. Bg5 Qc5+ 22. Be3 Qe7 23. Qh4 Bc8 24. Rxf6 1-0

[Event "Live Chess"]
[Site "Chess.com"]
[Date "2024.06.02"]
[Round "-"]
[White "alicechristina"]
[Black "e4evr"]
[Result "0-1"]
[WhiteElo "1906"]
[BlackElo "2274"]
[TimeControl "300"]
[EndTime "17:31:47 PDT"]
[Termination "e4evr won by resignation"]

1. c4 c5 2. Nc3 Nc6 3. e4 g6 4. g3 Bg7 5. Bg2 e6 6. Nge2 Nge7 7. O-O O-O 8. f4 Nd4 9. d3 d5 10. cxd5 exd5 11. exd5 Bg4 12. h3 Bxe2 13. Nxe2 Nxd5 14. g4 Re8 15. Nxd4 Bxd4+ 16. Kh2 Ne3 17. Bxe3 Bxe3 18. f5 Qd6+ 19. Kh1 Rad8 20. Qf3 g5 21. Rad1 b6 22. f6 Bf4 23. h4 h6 24. hxg5 hxg5 25. Qh3 Qxf6 26.
Be4 Qg7 27. Bf5 Rd6 28. Kg1 Rh6 29. Qg2 Be3+ 30. Rf2 Qd4 31. Rf1 Bxf2+ 32. Qxf2 Re2 33. Qxd4 cxd4 34. Rf2 Rh1+ 35. Kxh1 Rxf2 0-1

[Event "Live Chess"]
[Site "Chess.com"]
[Date "2024.06.02"]
[Round "-"]
[White "dmitro74"]
[Black "PughmanChess"]
[Result "1-0"]
[WhiteElo "1697"]
[BlackElo "1382"]
[TimeControl "300"]
[EndTime "17:31:58 PDT"]
[Termination "dmitro74 won by checkmate"]

1. d4 f5 2. c4 Nf6 3. Nc3 e6 4. Nf3 Be7 5. e3 O-O 6. b3 d6 7. Bb2 Ne4 8. Nd2 Nxc3 9. Bxc3 Bf6 10. Qc2 Nd7 11. Bd3 b6 12. O-O-O a5 13. e4 f4 14. g3 e5 15. dxe5 Nxe5 16. gxf4 Nxd3+ 17. Qxd3 a4 18. b4 c6 19. e5 dxe5 20. Qxd8 Rxd8 21. fxe5 Bg5 22. Kb2 a3+ 23. Kb3 Rd3 24. Ne4 Rxd1 25. Rxd1 Bh4 26. f4 Bf5 27. Ng5 b5 28. Rd6 Bd3 29. Rxd3 Bxg5 30. fxg5 Kf7 31. Rd6 bxc4+ 32. Kxc4 Rc8 33. e6+ Ke7 34. Be5 g6 35. Kc5 h5 36.
Bf6+ Ke8 37. e7 Rc7 38. Rd8+ Kf7 39. e8=Q# 1-0

[Event "Live Chess"]
[Site "Chess.com"]
[Date "2024.06.02"]
[Round "-"]
[White "lyricalschemes"]
[Black "wadsy27"]
[Result "0-1"]
[WhiteElo "2263"]
[BlackElo "2586"]
[TimeControl "300"]
[EndTime "17:32:32 PDT"]
[Termination "wadsy27 won by resignation"]

1. e4 c6 2. d4 d5 3. Nc3 dxe4 4.
Nxe4 Nf6 5. Nxf6+ exf6 6. Nf3 Bd6 7. Be2 O-O 8. O-O Bg4 9. c3 Nd7 10. Nh4 Bxe2 11. Qxe2 Re8 12. Qf3 g6 13. g3 f5 14. Bd2 Qf6 15. Rfe1 a5 16. Ng2 a4 17.
Bf4 Nb6 18. Bxd6 Qxd6 19. Ne3 Re4 20. Nc2 Rae8 21. Rxe4 fxe4 22. Qe2 Nd5 23. Qc4 b5 24. Qe2 h5 25. h4 e3 26. f4 a3 27. Nxa3 Nxc3 28. Qd3 Nd5 29. Re1 Qe6 30. Nc2 Qh3 0-1

[Event "Live Chess"]
[Site "Chess.com"]
[Date "2024.06.02"]
[Round "-"]
[White "oscalik"]
[Black "Queensandpawns"]
[Result "0-1"]
[WhiteElo "2274"]
[BlackElo "2311"]
[TimeControl "300"]
[EndTime "17:33:57 PDT"]
[Termination "Queensandpawns won on time"]

1. e4 c6 2. d4 d5 3. Nd2 dxe4 4.
Nxe4 Nf6 5. Nxf6+ exf6 6. c3 Bd6 7. Bd3 h5 8. Ne2 h4 9. h3 Be6 10. Bf4 Qc7 11. Qd2 Nd7 12. Bxd6 Qxd6 13. Qf4 Qe7 14. O-O-O O-O-O 15. Kb1 g5 16. Qh2 c5 17. Rhe1 c4 18.
Bc2 Nb6 19. d5 Bxd5 20. Nd4 Qc7 21. Bf5+ Kb8 22. Qxc7+ Kxc7 23. Re7+ Kb8 24. f3 Rhe8 25. Rde1 Rxe7 26. Rxe7 Nc8 27. Bxc8 Kxc8 28. Nf5 Be6 29. Nd4 Rd6 30. Nb5 Rd7 31. Re8+ Rd8 32. Nxa7+ Kc7 33.
Nb5+ Kd7 34. Rxd8+ Kxd8 35. Nd4 Kd7 36. Kc2 Bd5 37.
b4 Kd6 38. a4 Ke5 39. Nb5 Kf4 40. Nd6 Kg3 41. b5 Kxg2 42. a5 Kxh3 43. a6 bxa6 44.
bxa6 Kg2 45. a7 h3 46. Nxc4 h2 47. Ne3+ Kf2 48. Nxd5 h1=Q 49. a8=Q Qxf3 50. Kb3 Qd1+ 51. Kc4 Qe2+ 52. Kc5 Kg3 53. Qb8+ Kg4 54. c4 Qf2+ 0-1

[Event "Live Chess"]
[Site "Chess.com"]
[Date "2024.06.02"]
[Round "-"]
[White "NAZRIZ1977"]
[Black "mychess51"]
[Result "1-0"]
[WhiteElo "2146"]
[BlackElo "1748"]
[TimeControl "300"]
[EndTime "17:33:59 PDT"]
[Termination "NAZRIZ1977 won on time"]

1. d4 d5 2. Nf3 Bf5 3. e3 e6 4.
c4 c6 5. Qb3 Qb6 6. c5 Qc7 7.
Nc3 Nf6 8. Be2 Nbd7 9. O-O h6 10.
Bd2 Be7 11. Qd1 e5 12. b4 e4 13. Ne1 Nf8 14. b5 g5 15. a4 h5 16. a5 Ng4 17.
Bxg4 hxg4 18. g3 Qd7 19. Kg2 Qe6 20. Rh1 Rh3 21. a6 bxa6 22. Rxa6 Qh6 23. Rxc6 Ne6 24. Nxd5 Kd7 25. Ra6 Rh8 26. Rxa7+ Ke8 27. Rxe7+ Kf8 28. Qa4 Rxh2+ 29. Rxh2 Qxh2+ 30. Kf1 Kg7 31. Qa7 Bg6 32.
Rxe6 Qh1+ 33. Ke2 1-0

[Event "Live Chess"]
[Site "Chess.com"]
[Date "2024.06.02"]
[Round "-"]
[White "ACM42"]
[Black "MagnersCarlsberg2870"]
[Result "1-0"]
[WhiteElo "2161"]
[BlackElo "1770"]
[TimeControl "300"]
[EndTime "17:34:08 PDT"]
[Termination "ACM42 won by checkmate"]

1. e4 d5 2. exd5 Nf6 3. d4 Qxd5 4. c4 Qe4+ 5. Be3 e5 6. Nc3 Bb4 7. Qa4+ Nc6 8. d5 Bxc3+ 9. bxc3 Bd7 10. dxc6 Bxc6 11.
Qd1 Rd8 12. Qb1 Qg4 13. h3 Qd7 14. Nf3 Bxf3 15. g3 Bxh1 16. Be2 Be4 17. Qb5 Qxb5 18.
cxb5 Bd3 19. Bxa7 Bxe2 20. Kxe2 O-O 21. Bc5 Rfe8 22. a4 Nd5 23. c4 Nb6 24. a5 Nxc4 25. a6 bxa6 26. bxa6 Ra8 27. a7 Nb6 28. Ra6 Re6 29. g4 Nc8 30. Ra5 Rc6 31. Be3 f6 32.
Rd5 Rd6 33. Rb5 Nxa7 34. Ra5 c5 35. Bxc5 Rd7 36. Ra6 Kf7 37. Ke3 Ke8 38. h4 Kd8 39. g5 f5 40. h5 Kc8 41. h6 g6 42. Bf8 Kb7 43. Rf6 Nc6 44. Bg7 Ra3+ 45. Ke2 Nd4+ 46.
Kf1 Ra1+ 47. Kg2 Rd8 48. Rf7+ Kc6 49. Bxe5 Ra4 50. Rc7+ Kb6 51. Rxh7 Ne6 52. Re7 Nxg5 53. Bc7+ Kc5 54. Bxd8 Rg4+ 55. Kf1 Kd6 56. Re3 Nh7 57. Re7 Ng5 58. Rg7 Ne6 59. h7 Nxg7 60. h8=Q Ne6 61. Bf6 f4 62. Qb8+ Kd5 63. Qb5+ Ke4 64. f3+ Kxf3 65.
Qe2+ Kg3 66. Qg2# 1-0

[Event "Live Chess"]
[Site "Chess.com"]
[Date "2024.06.02"]
[Round "-"]
[White "RockTroll"]
[Black "ShanthamGrarks"]
[Result "1-0"]
[WhiteElo "2206"]
[BlackElo "1849"]
[TimeControl "300"]
[EndTime "17:34:29 PDT"]
[Termination "RockTroll won by resignation"]

1. e4 e6 2. d4 d5 3. e5 c5 4.
c3 Nc6 5. Nf3 cxd4 6. cxd4 Qb6 7.
Nc3 Nge7 8. Be2 Ng6 9. h4 h5 10.
Rb1 Be7 11. Bg5 Bxg5 12. hxg5 h4 13. Bd3 Nf4 14. Kf1 h3 15. gxh3 Rxh3 16. Rxh3 Nxh3 17. Kg2 Nf4+ 18. Kg3 Nxd3 19. Qxd3 g6 20. Rh1 Ke7 21. Rh8 a6 22. Qd2 Qc7 23. Qf4 Nd8 24. Qf6+ Kd7 25. Nh4 b6 26. f4 Bb7 27. f5 gxf5 28.
g6 Qc4 29. g7 Qd3+ 30. Nf3 Nc6 31. Rxa8 Nxd4 32. Qxf7+ Kc6 33. Qh5 f4+ 34. Kxf4 Nxf3 35. Qxf3 Qf5+ 36. Ke3 Qxe5+ 37. Kd2 Qxg7 38. Rf8 Qh6+ 39.
Kc2 Qh2+ 40. Qf2 Qd6 41. Rf6 Bc8 42. Qe2 b5 43. Kb1 Bd7 44. Qc2 Kb6 45. Qd3 Qe5 46. Nxd5+ Kb7 47. Rf7 exd5 48. Rxd7+ Kc6 49. Rh7 Qe1+ 50.
Kc2 Qf2+ 51. Kb3 a5 52. Qc3+ Kd6 53. Qc7+ Ke6 54. Qd7+ Ke5 55. Re7+ Kd4 56. Qa7+ 1-0

[Event "Live Chess"]
[Site "Chess.com"]
[Date "2024.06.02"]
[Round "-"]
[White "booktrunk"]
[Black "e4evr"]
[Result "0-1"]
[WhiteElo "1500"]
[BlackElo "2274"]
[TimeControl "300"]
[EndTime "17:35:20 PDT"]
[Termination "e4evr won by resignation"]

1. d4 e5 2. dxe5 Nc6 3. Nc3 Nxe5 4. Bf4 Ng6 5. Bg3 Bb4 6. Qd4 Bxc3+ 7. Qxc3 Qf6 8. Qxf6 Nxf6 9. O-O-O d6 10. e3 Be6 11. Nf3 a5 12. a3 Ke7 13. Nd4 Ne4 14. Nxe6 fxe6 15. f3 Nxg3 16. hxg3 a4 17. Bd3 Ne5 18.
Be4 d5 19. Bd3 Nxd3+ 20. Rxd3 h6 21. Rh4 b5 22. Rb4 Rab8 23. e4 c5 24. Rxb5 Rxb5 25. exd5 Rd8 26. c4 Rb3 27. Rd2 exd5 28. cxd5 Re3 29.
Kc2 Kd6 30. Kd1 Rde8 0-1

[Event "Live Chess"]
[Site "Chess.com"]
[Date "2024.06.02"]
[Round "-"]
[White "Tushinskiy"]
[Black "StoreySniper"]
[Result "0-1"]
[WhiteElo "2231"]
[BlackElo "2538"]
[TimeControl "300"]
[EndTime "17:36:23 PDT"]
[Termination "StoreySniper won by checkmate"]

1. d4 g6 2. c3 Bg7 3. Nf3 d6 4. Bg5 Nd7 5. Nbd2 h6 6. Bh4 Ngf6 7. e4 g5 8. Bg3 Nh5 9. Bd3 Nxg3 10. hxg3 e5 11.
dxe5 dxe5 12. Qe2 O-O 13. Nc4 Qe7 14. Ne3 Nc5 15. Bc2 Be6 16. g4 Rfd8 17. Nf5 Bxf5 18. gxf5 Rd6 19. b4 Nd7 20. O-O Nf6 21. Nd2 Nh5 22.
Nc4 Nf4 23. Qf3 Rc6 24. Bb3 Bf6 25. g3 Kh7 26. Rad1 Rg8 27. b5 Rc5 28. a4 g4 29.
Qe3 Bg5 30. Kh1 h5 31. Rd7 Qxd7 32. gxf4 Bxf4 33. Qxc5 Qd3 34. Rd1 Qh3+ 35. Kg1 Bh2+ 36. Kh1 g3 37. fxg3 Bxg3+ 38. Kg1 Be1# 0-1

[Event "Live Chess"]
[Site "Chess.com"]
[Date "2024.06.02"]
[Round "-"]
[White "Duke_of_Bebington"]
[Black "lyricalschemes"]
[Result "0-1"]
[WhiteElo "1617"]
[BlackElo "2264"]
[TimeControl "300"]
[EndTime "17:36:31 PDT"]
[Termination "lyricalschemes won by resignation"]

1. e4 Nf6 2. e5 Nd5 3. c4 Nb6 4. d4 d6 5. f4 dxe5 6. fxe5 Nc6 7. Nf3 Bg4 8. Be3 Bxf3 9. gxf3 e6 10. Nc3 Qd7 11. Qd2 O-O-O 12. O-O-O f6 13. f4 Bb4 14. a3 Be7 15. Bg2 Na5 16. Qc2 Naxc4 17. Kb1 Nxe3 18. Qe2 Nxd1 19. Rxd1 fxe5 20. dxe5 Nd5 21.
Nxd5 exd5 22. Bf3 Qf5+ 23. Ka1 Qxf4 24. Bxd5 c6 25. Be6+ Kb8 26. Rf1 Qh6 27. Rf7 Qxe6 0-1

[Event "Live Chess"]
[Site "Chess.com"]
[Date "2024.06.02"]
[Round "-"]
[White "wadsy27"]
[Black "gobbles19"]
[Result "1-0"]
[WhiteElo "2588"]
[BlackElo "2264"]
[TimeControl "300"]
[EndTime "17:36:55 PDT"]
[Termination "wadsy27 won by resignation"]

1. d4 Nf6 2. c4 e6 3. Nf3 c5 4.
d5 exd5 5. cxd5 d6 6. Nc3 g6 7. Bf4 Bg7 8. h3 O-O 9. e3 a6 10.
a4 Qc7 11. Nd2 Nh5 12. Bh2 Re8 13. Be2 Nf6 14. Nc4 Bf8 15. O-O Nbd7 16. a5 b5 17.
axb6 Nxb6 18. Na5 Bd7 19. Bf3 Bg7 20. e4 Bb5 21. Nxb5 axb5 22. e5 dxe5 23. d6 Qd7 24. Bc6 Qf5 25. Bxa8 Rxa8 26. Nc6 1-0

[Event "Live Chess"]
[Site "Chess.com"]
[Date "2024.06.02"]
[Round "-"]
[White "Frankie_Badacsonyi"]
[Black "LanceMaster23"]
[Result "1-0"]
[WhiteElo "2407"]
[BlackElo "1844"]
[TimeControl "300"]
[EndTime "17:37:10 PDT"]
[Termination "Frankie_Badacsonyi won on time"]

1. e4 c6 2. Nf3 d5 3. Nc3 dxe4 4.
Nxe4 Nf6 5. Qe2 Nxe4 6. Qxe4 Nd7 7. Bc4 Nf6 8. Ne5 e6 9. Qe2 Be7 10. O-O O-O 11. c3 Qc7 12. d4 b5 13. Bb3 a6 14.
Bf4 Bd6 15. Bg3 Nd7 16. f4 c5 17. dxc5 Nxc5 18. Bc2 f5 19. Rad1 Bb7 20. Bb3 Nxb3 21. axb3 Rad8 22. Bh4 Be7 23. Bxe7 Qxe7 24. b4 Be4 25.
Rxd8 Rxd8 26. Rd1 Qa7+ 27. Kh1 Rd5 28. Rxd5 exd5 29. h3 Qe7 30. Kh2 Qh4 31. g3 Qd8 32. Qe3 Qc7 33. Qd4 h6 34. Qc5 Qb7 35. Qd4 Kh7 36. Qc5 g5 37. Qf8 Qa7 38. Qf7+ Qxf7 39. Nxf7 Kg7 40. Ne5 Kf6 41. Kg1 Ke6 42. Kf2 d4 43.
cxd4 Kd5 44. Ke3 Bg2 45. h4 gxh4 46. gxh4 Bf1 47. b3 Bg2 48. Nd3 Be4 49. Nc5 Bc2 50. Nxa6 1-0

[Event "Live Chess"]
[Site "Chess.com"]
[Date "2024.06.02"]
[Round "-"]
[White "educatedlad"]
[Black "RockTroll"]
[Result "0-1"]
[WhiteElo "1744"]
[BlackElo "2207"]
[TimeControl "300"]
[EndTime "17:37:10 PDT"]
[Termination "RockTroll won by resignation"]

1. d4 Nf6 2. Bg5 g6 3. Bxf6 exf6 4. c4 d5 5. cxd5 Qxd5 6. Nc3 Qd8 7. g3 c5 8. dxc5 Qxd1+ 9. Rxd1 Bxc5 10. Bh3 f5 11. e3 Nc6 12. Nd5 O-O 13. Nc7 Rb8 14. Bg2 Rd8 15. Bxc6 Rxd1+ 16. Kxd1 bxc6 17. b3 Kf8 18. Ne2 Ke7 19. Nc3 Kd7 20. Na4 Bd6 21. Na6 0-1

[Event "Live Chess"]
[Site "Chess.com"]
[Date "2024.06.02"]
[Round "-"]
[White "TheSmoulderingMaster"]
[Black "KnightStripes"]
[Result "1-0"]
[WhiteElo "1761"]
[BlackElo "917"]
[TimeControl "300"]
[EndTime "17:37:43 PDT"]
[Termination "TheSmoulderingMaster won on time"]

1. e4 c6 2. d4 d5 3. Nc3 dxe4 4.
Nxe4 Bf5 5. Ng3 Be6 6. Nf3 Bd5 7. c4 Bxf3 8. gxf3 Nf6 9. Be3 e6 10. Bd3 Bb4+ 11. Ke2 Na6 12. a3 Bd6 13. Re1 Qb6 14. Kf1 Qxb2 15. Rb1 Qxa3 16. Rxb7 O-O 17. c5 Bxg3 18.
hxg3 Nb4 19. Bc1 Qxd3+ 20. Kg2 Qxd1 21. Rxd1 Nbd5 22. Bg5 h6 23. Bd2 Rfb8 24. Rxb8+ Rxb8 25. Ra1 Ra8 26. Ba5 Nh7 27. Bb6 a6 28. Ba5 Ne7 29. f4 Nf5 30. Bc3 Nf6 31. Kf3 Nd5 32. Bb2 Nb4 33.
g4 Nd6 34. cxd6 Rd8 35. Ba3 Nc2 36. Ra2 Nxa3 37. Rxa3 Rxd6 38. Ke4 f5+ 39. gxf5 exf5+ 40. Ke5 Rf6 41. Rxa6 h5 42. Ra1 h4 43. Rh1 Rh6 44. Kxf5 h3 45. Kg5 Kh7 46. Kg4 Rg6+ 47. Kf3 Rh6 48.
Kg3 Rg6+ 49. Kf3 Rh6 50. f5 Rf6 51. Kf4 Rh6 52. Kg5 Kg8 53. f4 Kh7 54. Rh2 Rd6 55. Rxh3+ Kg8 56. Rd3 c5 57. d5 c4 58.
Rc3 Rxd5 59. Rxc4 Rd3 60. Rc6 Rg3+ 61. Kh4 1-0

[Event "Live Chess"]
[Site "Chess.com"]
[Date "2024.06.02"]
[Round "-"]
[White "Harry_Li"]
[Black "KeithArkell"]
[Result "0-1"]
[WhiteElo "2079"]
[BlackElo "2425"]
[TimeControl "300"]
[EndTime "17:38:13 PDT"]
[Termination "KeithArkell won by resignation"]

1. d4 e6 2. c4 Bb4+ 3. Bd2 Bxd2+ 4.
Qxd2 Nf6 5. Nc3 d6 6. e4 Qe7 7. Bd3 e5 8. d5 a5 9. Nge2 Bg4 10. f3 Bd7 11. O-O Na6 12. Ng3 Nc5 13. Bc2 O-O 14. f4 exf4 15. Rxf4 Ng4 16. Re1 Ne5 17. b3 g6 18. Ref1 Qg5 19. Nce2 h5 20. h4 Qh6 21. Nd4 Bg4 22. Bd1 Bxd1 23. Qxd1 Ncd3 24. Ndf5 gxf5 25. Nxf5 Qh7 26. Ne7+ Kh8 27. Rf5 Rae8 28. Rxh5 Rxe7 29. Rxh7+ Kxh7 30. Qh5+ Kg7 31. Qg5+ Ng6 32. h5 Ne5 33. hxg6 f6 34. Qf5 Nxg6 35. Kf2 Re5 36. Qf3 Rfe8 37. Re1 Rg5 38. g4 Ne5 39. Qf4 Nxg4+ 40. Kf3 Ne5+ 41.
Kf2 Rh8 42. Rg1 Nd3+ 0-1